details: 'NE Feed Strat'

« prev index next »

General information

Mini Map

Players

team 1
Undeadallyteamkill (red | 68 APM | 1451 actions | 21:24)
Hero icon 5 Death Knight
Ability icon 3 Death Coil
Ability icon 2 Unholy Aura
Hero icon 3 Lich
Ability icon 2 Frost Nova
Ability icon 1 Frost Armor

» actions
Assign group hotkey31
Basic commands182
Build / train106
Enter build submenu17
Enter hero's abilities submenu8
Right click387
Select / deselect160
Select group hotkey489
Use ability71
1451 total
» units
Acolyte4
Ghoul5
Crypt Fiend23
Frost Wyrm23
55 total
» upgrades
Creature Attack3
Creature Carapace2
Web1
Freezing Breath1
7 total
» buildings
Altar of Darkness1
Ziggurat8
Crypt1
Graveyard1
Tomb of Relics1
Halls of the Dead1
Black Citadel1
Sacrificial Pit1
Boneyard2
Spirit Tower1
18 total
» build order
00:06 Altar of Darkness
00:11 Ziggurat
00:41 Crypt
01:03 Graveyard
01:18 Tomb of Relics
01:30 Ziggurat
03:30 Ziggurat
04:00 Ziggurat
06:33 Halls of the Dead
07:35 Ziggurat
09:08 Black Citadel
09:11 Sacrificial Pit
11:38 Boneyard
11:47 Boneyard
12:02 Ziggurat
17:43 Ziggurat
18:14 Spirit Tower
18:22 Ziggurat
» items
Rod of Necromancy1
Scroll of Regeneration1
Healing Salve1
Lesser Clarity Potion1
Scroll of Town Portal2
Potion of Healing1
7 total
Humandulli (orange | 44 APM | 969 actions | 21:49)
Hero icon 3 Archmage
Ability icon 1 Summon Water Elemental
Ability icon 2 Blizzard
Hero icon 2 Paladin
Ability icon 1 Holy Light
Ability icon 1 Divine Shield

» actions
Build / train57
Enter build submenu26
Enter hero's abilities submenu5
Right click553
Select / deselect267
Use ability60
969 total
» units
Peasant19
Footman5
Priest1
Sorceress1
Gryphon Rider4
Knight5
35 total
» upgrades
Defend1
Plating1
Swords1
Masonry1
4 total
» buildings
Farm9
Altar of Kings1
Barracks1
Scout Tower4
Arcane Vault1
Arcane Tower1
Lumber Mill2
Blacksmith1
Keep1
Castle1
Guard Tower3
Gryphon Aviary2
Arcane Sanctum1
Town Hall2
30 total
» build order
00:37 Farm
00:45 Altar of Kings
01:06 Barracks
01:16 Farm
01:21 Scout Tower
01:42 Arcane Vault
02:14 Farm
02:25 Arcane Tower
02:44 Lumber Mill
02:47 Lumber Mill
03:39 Blacksmith
04:17 Keep
04:32 Scout Tower
04:46 Farm
04:48 Farm
07:01 Castle
07:01 Guard Tower
07:18 Gryphon Aviary
07:19 Gryphon Aviary
07:39 Arcane Sanctum
07:43 Farm
07:46 Farm
09:22 Scout Tower
09:52 Farm
09:54 Guard Tower
11:17 Scout Tower
11:18 Farm
12:04 Guard Tower
19:38 Town Hall
19:53 Town Hall
» items
Scroll of Regeneration1
Lesser Clarity Potion1
Healing Salve1
Scroll of Town Portal2
5 total
Orcinspirit (blue | 78 APM | 1687 actions | 21:36)
Hero icon 4 Blademaster
Ability icon 1 Wind Walk
Ability icon 2 Critical Strike
Ability icon 1 Mirror Image
Hero icon 3 Shadow Hunter
Ability icon 2 Hex
Ability icon 1 Healing Wave

» actions
Assign group hotkey50
Basic commands164
Build / train87
ESC pressed2
Enter build submenu19
Enter hero's abilities submenu8
Give item / drop item2
Right click619
Select / deselect240
Select group hotkey431
Use ability65
1687 total
» units
Peon18
Grunt8
Shaman4
Tauren12
Troll Witch Doctor5
47 total
» upgrades
Melee Weapons1
Berserker Strength1
Shaman Training2
Witch Doctor Training3
Pillage1
Pulverize1
Armor1
10 total
» buildings
Altar of Storms1
Orc Burrow7
Barracks1
War Mill1
Voodoo Lounge1
Stronghold2
Fortress2
Spirit Lodge2
Watch Tower2
Tauren Totem2
Great Hall1
22 total
» build order
00:18 Altar of Storms
00:21 Orc Burrow
01:00 Barracks
01:55 War Mill
02:31 Orc Burrow
02:56 Voodoo Lounge
03:49 Stronghold
04:28 Orc Burrow
06:42 Fortress
06:42 Fortress
06:45 Spirit Lodge
06:50 Orc Burrow
07:35 Orc Burrow
09:06 Watch Tower
09:10 Watch Tower
09:36 Tauren Totem
11:25 Orc Burrow
11:34 Tauren Totem
13:57 Great Hall
16:20 Orc Burrow
18:19 Spirit Lodge
» items
Healing Salve1
Lesser Clarity Potion1
Scroll of Town Portal1
Orb of Lightning2
Rod of Necromancy4
9 total
HumanToomanyscv (green | 23 APM | 495 actions | 21:38)
Hero icon 1 Paladin
Ability icon 1 Holy Light

» actions
Assign group hotkey1
Basic commands16
Build / train25
Enter build submenu10
Enter hero's abilities submenu1
Right click262
Select / deselect152
Select group hotkey7
Use ability21
495 total
» units
Peasant11
Footman9
20 total
» upgrades
Defend1
1 total
» buildings
Altar of Kings1
Farm5
Barracks1
Lumber Mill1
Scout Tower2
Arcane Tower1
Keep1
12 total
» build order
00:24 Altar of Kings
00:36 Farm
00:52 Barracks
01:13 Farm
02:12 Farm
02:14 Farm
02:15 Farm
02:49 Lumber Mill
03:59 Scout Tower
04:00 Scout Tower
04:55 Arcane Tower
07:05 Keep
team 2
NightElfzA.AbazaisaFaig (yellow | 117 APM | 2554 actions | 21:50)
Hero icon 5 Keeper of the Grove
Ability icon 3 Entangling Roots
Ability icon 2 Thorns Aura
Hero icon 4 Dark Ranger
Ability icon 2 Black Arrow
Ability icon 2 Silence
Hero icon 1 Priestess of the Moon
Ability icon 1 Trueshot Aura

» actions
Assign group hotkey27
Basic commands800
Build / train95
Enter build submenu17
Enter hero's abilities submenu10
Give item / drop item1
Right click589
Select / deselect599
Select group hotkey323
Use ability93
2554 total
» units
Wisp10
Huntress8
Archer7
Dryad7
Druid of the Talon4
Hippogryph5
Chimaera4
Faerie Dragon3
48 total
» upgrades
Strength of the Moon3
Moon Armor3
Improved Bows1
Marksmanship1
Abolish Magic1
Strength of the Wild2
11 total
» buildings
Altar of Elders1
Moon Well7
Ancient of War3
Hunter's Hall1
Tree of Ages1
Ancient of Wonders1
Ancient of Lore1
Ancient of Wind1
Tree of Eternity2
Chimaera Roost1
Tree of Life1
20 total
» build order
00:18 Altar of Elders
00:42 Moon Well
00:59 Ancient of War
01:02 Ancient of War
01:15 Ancient of War
01:22 Moon Well
01:52 Hunter's Hall
02:11 Moon Well
02:28 Moon Well
04:46 Tree of Ages
05:02 Moon Well
05:35 Moon Well
05:36 Ancient of Wonders
06:27 Moon Well
07:54 Ancient of Lore
07:56 Ancient of Wind
09:14 Tree of Eternity
09:14 Tree of Eternity
13:25 Chimaera Roost
18:11 Tree of Life
» items
Boots of Speed1
Dust of Appearance1
Scroll of Healing3
Scroll of Protection3
Scroll of Town Portal1
Potion of Healing1
10 total
Random» UndeadLuxuswinner (teal | 57 APM | 1253 actions | 21:49)
Hero icon 6 Death Knight
Ability icon 3 Death Coil
Ability icon 2 Unholy Aura
Ability icon 1 Animate Dead
Hero icon 4 Lich
Ability icon 2 Frost Nova
Ability icon 2 Frost Armor
Hero icon 3 Dreadlord
Ability icon 2 Vampiric Aura
Ability icon 1 Sleep

» actions
Assign group hotkey22
Basic commands1
Build / train63
Enter build submenu15
Enter hero's abilities submenu13
Right click530
Select / deselect256
Select group hotkey295
Use ability57
1253 total
» units
Acolyte7
Ghoul5
Crypt Fiend9
Frost Wyrm6
27 total
» upgrades
Creature Carapace3
Creature Attack3
Web1
Burrow1
Freezing Breath1
9 total
» buildings
Crypt2
Ziggurat8
Altar of Darkness1
Graveyard1
Tomb of Relics1
Halls of the Dead1
Necropolis1
Black Citadel1
Sacrificial Pit1
Spirit Tower2
Boneyard3
22 total
» build order
00:08 Crypt
00:11 Ziggurat
00:39 Altar of Darkness
00:58 Graveyard
01:50 Ziggurat
02:16 Tomb of Relics
02:56 Ziggurat
06:22 Halls of the Dead
06:25 Ziggurat
06:26 Ziggurat
06:27 Ziggurat
07:04 Necropolis
07:07 Ziggurat
07:08 Ziggurat
09:33 Black Citadel
09:40 Sacrificial Pit
09:47 Spirit Tower
11:55 Boneyard
11:56 Boneyard
11:58 Boneyard
12:03 Crypt
14:29 Spirit Tower
» items
Rod of Necromancy2
Scroll of Town Portal2
Orb of Corruption1
Potion of Healing1
Potion of Lesser Invulnerability1
7 total
Random» NightElfHiiiii (pink | 16 APM | 349 actions | 21:49)

» actions
Build / train15
Enter build submenu1
Right click15
Select / deselect270
Use ability48
349 total
» units
Wisp15
15 total
» buildings
Moon Well1
1 total
» build order
01:10 Moon Well
Humansaucey_soars (purple | 28 APM | 617 actions | 21:49)
Hero icon 1 Archmage
Ability icon 1 Summon Water Elemental

» actions
Assign group hotkey2
Build / train35
Enter build submenu19
Enter hero's abilities submenu1
Right click154
Select / deselect371
Use ability35
617 total
» units
Peasant19
Footman9
28 total
» buildings
Barracks1
Farm3
Altar of Kings1
Scout Tower9
Lumber Mill1
Arcane Tower1
Guard Tower4
Town Hall1
21 total
» build order
00:16 Barracks
00:19 Farm
00:22 Farm
00:29 Altar of Kings
01:28 Farm
03:18 Scout Tower
03:37 Scout Tower
05:10 Lumber Mill
05:18 Arcane Tower
07:25 Scout Tower
07:52 Scout Tower
07:53 Guard Tower
10:12 Scout Tower
10:16 Scout Tower
10:22 Scout Tower
10:43 Scout Tower
10:47 Scout Tower
11:08 Guard Tower
11:13 Guard Tower
11:17 Guard Tower
21:08 Town Hall

Chat log

(00:06 / Allies) saucey_soars: rush
(00:08 / Allies) zA.AbazaisaFaig: siomeone feed me
(00:11 / Allies) zA.AbazaisaFaig: can you feed me pink?
(00:17 / Allies) Hiiiii: wat fo
(00:25 / Allies) zA.AbazaisaFaig: to fucking rape these idiots and win
(00:25 / Allies) Hiiiii: n y u choose me
(00:26 / Allies) Hiiiii: lol
(00:30 / Allies) zA.AbazaisaFaig: you're int he middle
(00:36 / Allies) zA.AbazaisaFaig: and a ud feeding is stuipd
(00:39 / Allies) Hiiiii: so is teal
(00:40 / Allies) Hiiiii: haha
(00:42 / Allies) Hiiiii: k
(00:49 / Allies) Hiiiii: lemme get some wisp on wood
(00:50 / Allies) zA.AbazaisaFaig: get a hero and well then feed
(00:58 / Allies) Hiiiii: not in mood to play
(01:06 / Allies) Hiiiii: so u choose the "right" person to "Feed" u
(01:07 / Allies) Hiiiii: ^^
(01:08 / Allies) zA.AbazaisaFaig: sounds like I picked the perfect person lol
(01:09 / Allies) saucey_soars: RUSh!!!
(01:14 / Allies) Hiiiii: lol
(01:34 / All) Hiiiii: Yall have an AFKer dont ya
(01:44 / Allies) zA.AbazaisaFaig: yeah i'm being fed teal
(01:46 / Allies) zA.AbazaisaFaig: mass fiends
(01:47 / Allies) zA.AbazaisaFaig: we go soon
(01:47 / All) Toomanyscv: ya
(01:51 / All) Toomanyscv: how u know/
(01:53 / Allies) Luxuswinner: ...
(01:55 / All) Hiiiii: Skills
(02:03 / All) allyteamkill: map hacker
(02:07 / All) Hiiiii: :)
(02:08 / All) Hiiiii: RUSH
(02:09 / All) Hiiiii: END IT
(02:10 / All) Hiiiii: HAHAHAHA
(02:20 / Allies) zA.AbazaisaFaig: you've obviosuly never done it before
(02:24 / Allies) zA.AbazaisaFaig: it rapes
(02:31 / Allies) Hiiiii: driving a lexus is not very smart when for the same price u can drive a MErcedes E-class
(02:32 / Allies) Luxuswinner: well see
(02:42 / Allies) zA.AbazaisaFaig: yeah you will see
(02:45 / Allies) zA.AbazaisaFaig: afker
(03:23 / Allies) zA.AbazaisaFaig: oh he's not afk
(03:30 / Allies) Hiiiii: lol
(03:35 / Allies) zA.AbazaisaFaig: come teal after you clear your mine or whatever
(03:41 / Allies) Luxuswinner: k
(03:47 / Allies) Hiiiii: no need to clear mine, u got this
(03:56 / Allies) Hiiiii: hurry up teal
(04:20 / Allies) Hiiiii: u have too many wisp on wood.....send some to scout other bases
(04:27 / Allies) zA.AbazaisaFaig: we're fine
(04:29 / Allies) zA.AbazaisaFaig: come purple
(04:29 / Allies) zA.AbazaisaFaig: we hit now
(04:36 / Allies) Hiiiii: wisp = waste of food.... lol
(05:04 / Allies) Hiiiii: im gonna feed purple some wood
(05:12 / Allies) saucey_soars: rt
(05:14 / Allies) saucey_soars: ty
(05:18 / Allies) Hiiiii: anytime ^^
(05:28 / Allies) saucey_soars: kill his main
(05:39 / All) Hiiiii: GG?
(05:40 / All) zA.AbazaisaFaig: nice base
(05:42 / Allies) Hiiiii: lol
(06:16 / Allies) Luxuswinner: b
(06:25 / Allies) Hiiiii: pfft get units teal
(06:39 / Allies) zA.AbazaisaFaig: healing then we go back
(06:41 / Allies) zA.AbazaisaFaig: green is fucked
(07:08 / Allies) zA.AbazaisaFaig: go abck teal lets og
(07:33 / Allies) saucey_soars: im getting f'd
(07:34 / Allies) saucey_soars: gold plz?
(07:37 / Allies) zA.AbazaisaFaig: go now teal
(07:38 / Allies) Hiiiii: k
(07:39 / Allies) zA.AbazaisaFaig: lets fuckign go
(07:52 / Allies) Hiiiii: lol purple
(07:54 / Allies) Hiiiii: just evacuate
(08:07 / Allies) zA.AbazaisaFaig: stay back
(08:08 / Allies) zA.AbazaisaFaig: i'll tp
(08:22 / Allies) zA.AbazaisaFaig: TP TP URPLE NOW TAL
(08:34 / Allies) Hiiiii: lol
(08:40 / Allies) Hiiiii: teal dont care
(08:57 / Allies) saucey_soars: tp when all my shit is dead -__-
(09:10 / Allies) saucey_soars: lol
(09:22 / Allies) saucey_soars: counter and rip em
(09:36 / Allies) Hiiiii: nvm
(09:42 / Allies) zA.AbazaisaFaig: godl me
(09:46 / Allies) Hiiiii: purple u have too much wood
(09:54 / Allies) Hiiiii: so dont waste gold on peons for wood
(09:59 / Allies) Hiiiii: ill wood u if u need purple
(10:02 / Allies) zA.AbazaisaFaig: go teal
(10:08 / Allies) saucey_soars: i need gold
(10:53 / Allies) zA.AbazaisaFaig: wow
(10:55 / Allies) saucey_soars: pink
(10:56 / Allies) saucey_soars: gold
(10:57 / Allies) saucey_soars: plz
(10:58 / Allies) saucey_soars: plz
(11:01 / Allies) Hiiiii: fine
(11:10 / Allies) saucey_soars: tytyt
(11:19 / Allies) saucey_soars: FML
(11:21 / Allies) zA.AbazaisaFaig: god if purple didn't fuck blue
(11:23 / Allies) zA.AbazaisaFaig: bloe
(11:23 / Allies) Hiiiii: lol
(11:24 / Allies) zA.AbazaisaFaig: get abck uprle
(11:26 / Allies) zA.AbazaisaFaig: we tp in again hagn ong
(11:28 / Allies) zA.AbazaisaFaig: get out ofthere
(11:28 / Allies) zA.AbazaisaFaig: WOW
(11:31 / Allies) Hiiiii: lol
(11:37 / Allies) Hiiiii: CANCEL
(12:09 / Allies) Hiiiii: lol
(12:57 / Allies) Luxuswinner: u see hunts are the worst unit..
(13:08 / Allies) Luxuswinner: tower
(13:15 / Allies) zA.AbazaisaFaig: we fight at teals base

(14:49 / All) Hiiiii: GG?
(15:05 / Allies) Hiiiii: bring frost
(15:06 / Allies) Hiiiii: dude
(15:11 / Allies) Hiiiii: frost
(15:18 / Allies) saucey_soars: teal bring frost
(15:25 / Allies) saucey_soars: lol..
(15:31 / Allies) Luxuswinner: tp
(15:31 / Allies) zA.AbazaisaFaig: yeah out
(15:33 / Allies) zA.AbazaisaFaig: we go back with the frost
(15:39 / Allies) Luxuswinner: y
(15:47 / Allies) saucey_soars: shulda got his maIn
(15:48 / Allies) saucey_soars: :(
(15:55 / Allies) zA.AbazaisaFaig: meet bring your forst
(16:03 / Allies) Luxuswinner: need tp
(16:04 / Allies) Luxuswinner: sec
(16:10 / Allies) zA.AbazaisaFaig: here he comes
(16:13 / Allies) zA.AbazaisaFaig: j
(16:21 / Allies) saucey_soars: creepIn
(16:36 / Allies) Luxuswinner: take a mine yellow..
(17:22 / Allies) zA.AbazaisaFaig: this will be funny
(17:46 / Allies) saucey_soars: rip his main
(17:47 / Allies) zA.AbazaisaFaig: atlar
(17:53 / Allies) zA.AbazaisaFaig: atlar nig
(18:16 / All) Hiiiii: LOL
(18:25 / All) saucey_soars: tehhe
(18:39 / All) saucey_soars: 2v2
(18:54 / Allies) saucey_soars: keep makin units uys
(19:03 / Allies) saucey_soars: u got dis shit
(19:23 / Allies) zA.AbazaisaFaig: go expo or something
(19:27 / Allies) zA.AbazaisaFaig: you have a peon there lol
(19:27 / Allies) Hiiiii: lol
(19:32 / Allies) saucey_soars: no gold
(19:33 / Allies) saucey_soars: no wood
(19:44 / Allies) Hiiiii: how much gold u have
(19:48 / Allies) saucey_soars: 400 now
(19:50 / Allies) saucey_soars: tty
(19:53 / Allies) Hiiiii: yup
(20:01 / Allies) Luxuswinner: np
(20:50 / Allies) saucey_soars: b?
(21:33 / All) inspirit: gg
(21:41 / All) Hiiiii: gg
(21:46 / All) saucey_soars: g